 Dungeon Crawl Stone Soup version 0.20.0-8-g6b59dc7 (webtiles) character file.

995 Jumperg the Magician (level 7, 0/36 HPs)
             Began as a Deep Elf Wizard on May 30, 2017.
             Was a Follower of Vehumet.
             Killed by their own static electricity (2 damage)
             ... on level 6 of the Dungeon.
             The game lasted 01:44:45 (5328 turns).

Jumperg the Magician (Deep Elf Wizard)              Turns: 5328, Time: 01:44:46

Health: 0/36       AC:  2    Str:  4    XL:     7   Next: 99%
Magic:  6/20       EV: 15    Int: 25    God:    Vehumet [*.....]
Gold:   287        SH:  0    Dex: 17    Spells: 10/21 levels left

rFire    . . .     SeeInvis +   O - staff of conjuration
rCold    . . .     Gourm    .   (no shield)
rNeg     . . .     Faith    .   N - +1 robe "Sinil" {Regen+ Dex+4}
rPois    .         Spirit   .   w - +0 helmet
rElec    .         Reflect  .   (no cloak)
rCorr    .         Harm     .   (no gloves)
MR       .....                  (no boots)
Stlth    +++.......             Q - amulet of magic regeneration
Regen    0.6/turn               T - -2 ring of protection (curse)
MPRegen  0.3/turn               v - ring of see invisible

@: no status effects
A: no striking features
a: Renounce Religion


You were on level 6 of the Dungeon.
You worshipped Vehumet.
Vehumet was aware of your devotion.
You were near starving.

You visited 1 branch of the dungeon, and saw 6 of its levels.

You collected 287 gold pieces.

Inventory:

Hand Weapons
 f - a +0 spear
 C - a +0 blowgun
 R - a +0 shortbow
Missiles
 h - 155 arrows
 i - 38 bolts
 k - 209 stones (quivered)
 l - 126 sling bullets
 D - 21 poisoned needles
Armour
 w - a +0 helmet (worn)
 N - the +1 robe "Sinil" (worn) {Regen+ Dex+4}
   (You found it on level 5 of the Dungeon)

   It affects your dexterity (+4).
   It increases your rate of regeneration.
Magical Staves
 O - an uncursed staff of conjuration (weapon)
Jewellery
 b - a +3 ring of dexterity
 u - an uncursed ring of resist corrosion
 v - a ring of see invisible (right hand)
 y - an uncursed ring of poison resistance
 K - an uncursed ring of ice
 P - a +2 amulet of reflection
 Q - an amulet of magic regeneration (around neck)
 T - a cursed -2 ring of protection (left hand)
 U - a +5 ring of intelligence
Scrolls
 a - a scroll of silence {unknown}
 e - 3 scrolls of remove curse
 g - 2 scrolls of fear
 j - 3 scrolls of teleportation {unknown}
 n - 2 scrolls of immolation {unknown}
 o - 2 scrolls of blinking {unknown}
 q - a scroll of identify
 r - a scroll of random uselessness {unknown}
 E - a scroll of enchant weapon {unknown}
 F - a scroll of recharging {unknown}
 J - a scroll of enchant armour {unknown}
 L - a scroll of fog {unknown}
Potions
 m - 3 potions of lignification
 p - a potion of flight {unknown}
 s - 4 potions of curing
 z - a potion of resistance {unknown}
 A - a potion of invisibility {unknown}
 B - a potion of ambrosia {unknown}
 G - a potion of agility
 H - a potion of heal wounds {unknown}
 M - a potion of berserk rage {unknown}
Books
 c - a book of Minor Magic

   Spells                             Type                      Level
   a - Magic Dart                     Conjuration                  1
   b - Blink                          Translocation                2
   c - Call Imp                       Summoning                    2
   d - Slow                           Hexes                        2
   e - Conjure Flame                  Conjuration/Fire             3
   f - Mephitic Cloud                 Conjuration/Poison/Air       3
 S - a book of Callings

   Spells                             Type                      Level
   a - Summon Small Mammal            Summoning                    1
   b - Call Imp                       Summoning                    2
   c - Call Canine Familiar           Summoning                    3
   d - Summon Guardian Golem          Hexes/Summoning              3
   e - Summon Lightning Spire         Summoning/Air                4
   f - Summon Ice Beast               Ice/Summoning                4
 V - a book of the Tempests

   Spells                             Type                      Level
   a - Static Discharge               Conjuration/Air              3
   b - Lightning Bolt                 Conjuration/Air              5
   c - Ignition                       Fire                         8
   d - Tornado                        Air                          9
   e - Shatter                        Earth                        9
Comestibles
 d - 6 bread rations
 t - 5 fruits
 x - 4 meat rations
 I - 2 royal jellies


   Skills:
 + Level 4.4 Dodging
 - Level 3.3 Stealth
 + Level 7.7 Spellcasting
 + Level 6.3 Conjurations
 - Level 3.1 Summonings
 - Level 1.1 Translocations
 - Level 2.2 Air Magic


You had 10 spell levels left.
You knew the following spells:

 Your Spells              Type           Power        Failure   Level  Hunger
a - Magic Dart            Conj           ####         1%          1    None
b - Call Imp              Summ           ####....     2%          2    None
c - Blink                 Tloc           N/A          6%          2    None
d - Mephitic Cloud        Conj/Pois/Air  #####...     6%          3    None
e - Static Discharge      Conj/Air       #####...     3%          3    None


Dungeon Overview and Level Annotations

Branches:
Dungeon (6/15)
 Temple: D:4-7

Altars:
Cheibriados
Vehumet
The Shining One

Shops:
D:6 }

Annotations:
D:2 Sigmund


Message History

The orc warrior misses your crimson imp.
Your crimson imp closely misses the orc warrior.
The orc wizard closely misses your crimson imp.
Your crimson imp blinks!
Your crimson imp closely misses the orc warrior.
The hungry ghost hits you.
* * * LOW HITPOINT WARNING * * *
You are near starving!
The orc wizard casts a spell at you. The puff of flame hits you!
* * * LOW HITPOINT WARNING * * *
Casting: Call Imp
Confirm with . or Enter, or press ? or * to list all spells.
You feel a surge of power! Really attack your crimson imp?
Really attack your crimson imp?
The orc wizard is struck by lightning.
The orc wizard is almost dead.
The lightning arcs!
You are struck by lightning.
You die...

.........#............# ....#
+###....##.......##...# ...#
..##....##.......##...# ..##
.........#............##...#
.........#...........>.'...#
..##....##.........5...#......
..##....##.......W5....# .....
####.............o.....# ...)
..##....##......@##...## ##.
........##.......###+###W
.................#.......
.................'.......
.................#....###
##########.......#....#
#.......###### #########


You could see a hungry ghost, an orc wizard (invisible) and 2 friendly crimson
imps.

Vanquished Creatures
  Prince Ribbit (D:6)
  3 ogres
  A hound (D:5)
  Jessica (D:2)
  Natasha (twice) (D:2)
  A worker ant (D:5)
  2 hound skeletons
  2 howler monkey skeletons (D:5)
  2 gnolls (D:2)
  6 adders
  2 oozes
  An adder skeleton (D:5)
  2 dart slugs (D:1)
  3 leopard geckos
  5 orcs
  2 ball pythons
  10 bats
  4 giant cockroaches
  9 goblins
  3 hobgoblins
  10 jackals
  2 quokkas
  6 frilled lizards
  A jackal zombie (D:6)
  6 kobolds
  8 rats
95 creatures vanquished.

Vanquished Creatures (collateral kills)
  An ogre (D:5)
  A centaur (D:5)
  2 bullfrogs (D:6)
  A water moccasin zombie (D:3)
  A hound (D:4)
  An orc wizard (D:4)
  Natasha (D:2)
  2 worker ants (D:5)
  2 gnolls (D:2)
  An adder (D:2)
  An adder skeleton (D:4)
  A worm (D:4)
  2 dart slugs
  A leopard gecko (D:1)
  6 orcs
  2 goblins (D:2)
  A hobgoblin (D:2)
  3 jackals
  A jackal skeleton (D:4)
  A rat (D:2)
32 creatures vanquished.

Grand Total: 127 creatures vanquished

Notes
Turn   | Place    | Note
-------+----------+-------------------------------------------
     0 | D:1      | Jumperg the Deep Elf Wizard began the quest for the Orb.
     0 | D:1      | Reached XP level 1. HP: 10/10 MP: 7/7
   215 | D:1      | Reached XP level 2. HP: 15/15 MP: 5/9
   361 | D:1      | Learned a level 2 spell: Call Imp
   581 | D:1      | Found a glowing golden altar of the Shining One.
   938 | D:1      | Reached XP level 3. HP: 19/19 MP: 4/11
  1061 | D:2      | Noticed Jessica
  1083 | D:1      | Reached XP level 4. HP: 24/24 MP: 6/12
  1154 | D:2      | Killed Jessica
  1461 | D:2      | Noticed Natasha
  1469 | D:2      | Killed Natasha
  1469 | D:2      | Reached skill level 5 in Spellcasting
  1577 | D:2      | Noticed Natasha
  1587 | D:2      | Killed Natasha
  1587 | D:2      | Reached XP level 5. HP: 28/28 MP: 7/14
  1592 | D:2      | Noticed Natasha
  1598 | D:2      | Killed Natasha
  1667 | D:2      | Noticed Sigmund
  1695 | D:2      | Learned a level 2 spell: Blink
  2018 | D:3      | Learned a level 3 spell: Mephitic Cloud
  2508 | D:3      | Reached XP level 6. HP: 21/32 MP: 8/16
  2572 | D:3      | Found a radiant altar of Vehumet.
  2580 | D:3      | Found a glowing golden altar of the Shining One.
  2584 | D:3      | Found a snail-covered altar of Cheibriados.
  2598 | D:3      | Became a worshipper of Vehumet
  3802 | D:4      | Reached skill level 6 in Spellcasting
  3848 | D:4      | Reached * piety under Vehumet
  3848 | D:4      | Offered knowledge of Shock by Vehumet.
  4045 | D:4      | Reached skill level 5 in Conjurations
  4045 | D:4      | Reached skill level 1 in Air Magic
  4102 | D:5      | Entered Level 5 of the Dungeon
  4142 | D:5      | Reached XP level 7. HP: 36/36 MP: 11/18
  4414 | D:5      | Got a distressingly furry robe
  4465 | D:5      | Identified the +1 robe "Sinil" {Regen+ Dex+4} (You found it on level 5 of the Dungeon)
  4871 | D:6      | Noticed Prince Ribbit
  4884 | D:6      | Killed Prince Ribbit
  4884 | D:6      | Reached skill level 7 in Spellcasting
  5037 | D:6      | Found Wowimoull's Gadget Shop.
  5211 | D:6      | Learned a level 3 spell: Static Discharge
  5257 | D:6      | Noticed a hungry ghost
  5326 | D:6      | HP: 1/36 [orc wizard/puff of flame (7)]
  5328 | D:6      | Killed from afar by themself

Skill      XL: |  1  2  3  4  5  6  7 |
---------------+----------------------+-----
Conjurations   | 2 3 4 5 6 |  6.3
Dodging        | 3 4 |  4.4
Stealth        | 3 |  3.3
Spellcasting   | 5 6 7 |  7.7
Summonings     | 2 3 |  3.1
Air Magic      | 1 2 |  2.2
Translocations | |  1.1

Action                   |  1- 3 |  4- 6 |  7- 9 || total
-------------------------+-------+-------+-------++-------
Melee: Spear             |    31 |   133 |    34 ||   198
Throw: Stone             |       |     1 |       ||     1
 Cast: Magic Dart        |    48 |   115 |    39 ||   202
       Call Imp          |     5 |    29 |    13 ||    47
       Mephitic Cloud    |       |     1 |     4 ||     5
  Use: Scroll            |       |     5 |       ||     5
 Stab: Sleeping          |       |     2 |       ||     2
       Distracted        |       |     1 |     1 ||     2
  Eat: Chunk             |       |     6 |     3 ||     9
       Bread ration      |       |     1 |       ||     1
Armor: Robe              |     7 |    17 |     6 ||    30
Dodge: Dodged            |    24 |    74 |    21 ||   119
